[Event "fics rated crazyhouse match"]
[Site "fics, Oklahoma City, OK USA"]
[Date "2000.12.23"]
[White "Thufir"]
[WhiteElo "2316"]
[Black "Blackcomb"]
[BlackElo "2194"]
[TimeControl "60+0"]
[Result "1-0"]

1. e4 e6 2. d4 Nc6 3. Nf3 Nf6 4. e5 Nd5 5. Be2 Be7 6. O-O 
d6 7. c4 O-O 8. cxd5 exd5 9. exd6 cxd6 10. Nc3 P@e6 11. P@h6 f5 
12. hxg7 Kxg7 13. N@h5+ Kf7 14. P@g7 Rg8 15. Bh6 Ke8 16. Bb5 Kd7 17. Re1 
P@e4 18. Qe2 exf3 19. Qxe6+ Kc7 20. Nxd5+ Kb8 21. Bxc6 fxg2 22. P@d7 N@f3+ 
23. Kxg2 Nxe1+ 24. Rxe1 Bxd7 25. Bxd7 P@e4 26. P@c7+ Qxc7 27. Qxg8+ Bd8 28. B@h3 
P@g4 29. Bxf5 gxh3+ 30. Bxh3 B@f3+ 31. Kg3 P@h4+ 32. Kf4 P@g5+ 33. Bxg5 R@f8+ 
34. gxf8=Q a6 35. Qxd8+ Ka7 36. Qxc7 
{Blackcomb forfeits on time} 1-0

[Event "fics rated crazyhouse match"]
[Site "fics, Oklahoma City, OK USA"]
[Date "2000.12.23"]
[White "Blackcomb"]
[WhiteElo "2189"]
[Black "Thufir"]
[BlackElo "2321"]
[TimeControl "60+0"]
[Result "0-1"]

1. e4 e6 2. Nc3 Nc6 3. d4 Nf6 4. e5 Nd5 5. Nxd5 exd5 6. Nf3 
d6 7. Bb5 Bg4 8. h3 Bxf3 9. Qxf3 dxe5 10. N@g5 P@f6 11. Bxc6+ bxc6 
12. Nxf7 Ke7 13. Nxd8 Rxd8 14. N@f5+ Kd7 15. P@b7 B@e4 16. Q@f7+ N@e7 17. B@c8+ 
Rxc8 18. bxc8=Q+ Kxc8 19. Nxe7+ Bxe7 20. Qxe7 Bxf3 21. B@e6+ Kb8 22. N@a6+ Ka8 
23. Nxc7+ Kb7 24. Nxd5+ Ka6 25. P@b5+ cxb5 26. Nc7+ Ka5 27. b4+ Kb6 28. a3 
Q@d1# 
{Blackcomb checkmated} 0-1

[Event "fics rated crazyhouse match"]
[Site "fics, Oklahoma City, OK USA"]
[Date "2000.12.23"]
[White "Thufir"]
[WhiteElo "2326"]
[Black "Blackcomb"]
[BlackElo "2184"]
[TimeControl "60+0"]
[Result "1-0"]

1. e4 e6 2. Nc3 Nc6 3. d4 Bb4 4. Bd3 Nxd4 5. Be3 Nc6 6. Nf3 
Nf6 7. O-O P@g4 8. Ng5 O-O 9. Ne2 d5 10. exd5 Nxd5 11. Bxh7+ Kh8 
12. Ng3 P@g6 13. Qxg4 e5 14. Qh4 Nf6 15. Bxg6# 
{Blackcomb resigns} 1-0

[Event "fics rated crazyhouse match"]
[Site "fics, Oklahoma City, OK USA"]
[Date "2000.12.23"]
[White "Blackcomb"]
[WhiteElo "2179"]
[Black "Thufir"]
[BlackElo "2331"]
[TimeControl "60+0"]
[Result "0-1"]

1. e4 e6 2. Nc3 d6 3. d4 Nf6 4. Nf3 Be7 5. Bd3 Nc6 6. O-O 
e5 7. d5 Nb8 8. Bg5 O-O 9. Bc4 c6 10. dxc6 bxc6 11. P@h6 gxh6 
12. Bxh6 Re8 13. Ng5 P@e6 14. P@f5 P@g7 15. fxe6 gxh6 16. exf7+ Kg7 17. fxe8=Q 
Qxe8 18. R@f7+ Kg6 19. Rxh7 Nxh7 20. Nxh7 Kxh7 21. P@f7 Qf8 22. Qh5 P@g6 
23. Qxg6+ Kxg6 24. P@f5+ Bxf5 25. exf5+ Kxf5 26. B@e4+ Kf6 27. N@h5+ Kg5 28. Ng3 
h5 29. P@h4+ Kh6 30. Nf5+ Kh7 31. P@g6+ Kxg6 32. Nxe7+ Kg7 
{Blackcomb forfeits on time} 0-1

[Event "fics rated crazyhouse match"]
[Site "fics, Oklahoma City, OK USA"]
[Date "2000.12.23"]
[White "Thufir"]
[WhiteElo "2336"]
[Black "Blackcomb"]
[BlackElo "2174"]
[TimeControl "60+0"]
[Result "1-0"]

1. e4 e6 2. d4 Nc6 3. Nf3 d5 4. e5 Nge7 5. Be2 Nf5 6. O-O 
Be7 7. Be3 O-O 8. Nc3 Bd7 9. Qd2 Be8 10. Ne1 f6 11. f4 fxe5 
12. fxe5 Bg6 13. P@h5 Nxe3 14. hxg6 Nxf1 15. gxh7+ Kxh7 16. Bxf1 B@g6 17. N@f4 
Rxf4 18. Qxf4 Bg5 19. R@h3+ P@h5 20. Qf3 P@g4 21. Qd1 gxh3 22. gxh3 N@e3 
23. Qe2 Qf8 24. P@f6 Nxd4 25. Qf2 P@g2 26. Bxg2 Nxg2 27. Nxg2 gxf6 28. Qxd4 
P@f3 29. N@h4 fxg2 30. Nxg6 B@e3+ 31. B@f2 Kxg6 32. Bxe3 Bxe3+ 33. Qxe3 B@g5 
34. N@f4+ Bxf4 35. Qxf4 N@g5 36. B@d3# 
{Blackcomb forfeits on time} 1-0

[Event "fics rated crazyhouse match"]
[Site "fics, Oklahoma City, OK USA"]
[Date "2000.12.23"]
[White "Blackcomb"]
[WhiteElo "2169"]
[Black "Thufir"]
[BlackElo "2341"]
[TimeControl "60+0"]
[Result "1-0"]

1. e4 e6 2. Nc3 Nc6 3. d4 d5 4. e5 Nge7 5. Nf3 Nf5 6. Be2 
Bb4 7. Be3 O-O 8. O-O f6 9. exf6 Qxf6 10. a3 Bxc3 11. bxc3 Nxe3 
12. fxe3 P@e4 13. B@e5 Qg6 14. N@h4 Qe8 15. P@g6 Nxe5 16. Nxe5 B@f6 17. gxh7+ 
Kxh7 18. P@f7 Qd8 19. Nhg6 Bxe5 20. Nxe5 P@g6 21. Nxg6 Bd7 22. Nxf8+ Qxf8 
23. B@g8+ Kg6 24. Bh5+ Kh6 25. R@h7+ Kg5 26. Qg4# 
{Thufir checkmated} 1-0

[Event "fics rated crazyhouse match"]
[Site "fics, Oklahoma City, OK USA"]
[Date "2000.12.23"]
[White "Thufir"]
[WhiteElo "2329"]
[Black "Blackcomb"]
[BlackElo "2181"]
[TimeControl "60+0"]
[Result "1-0"]

1. e4 e6 2. d4 Nc6 3. Nf3 Nf6 4. e5 Ne4 5. Be3 d5 6. exd6 
Bxd6 7. Nc3 Bb4 8. P@d2 Bxc3 9. dxc3 O-O 10. Bd3 f5 11. B@h4 P@e7 
12. O-O N@g4 13. Ne1 Nxe3 14. fxe3 B@f6 15. Bxf6 exf6 16. B@f3 B@d5 17. N@f4 
Bd7 18. c4 Bxc4 19. Bxc4 P@d5 20. Bd3 e5 21. dxe5 fxe5 22. Nxd5 f4 
23. exf4 exf4 24. Bdxe4 P@f5 25. Bd3 P@e4 26. Bc4 exf3 27. Nxf3 B@e6 28. N@h5 
Bxd5 29. Bxd5+ N@e6 30. Bb3 Qe7 31. P@d5 Rad8 32. dxe6 Bxe6 33. Bxe6+ Qxe6 
34. Qe1 P@e3 35. B@b3 B@f2+ 36. Rxf2 exf2+ 37. Qxf2 Rd5 38. N@g5 R@e2 39. Nxe6 
Rxf2 40. Bxd5 Rxg2+ 41. Kxg2 P@h3+ 42. Kf1 Q@g2+ 43. Ke1 Qxf3 44. Nexg7# 
{Blackcomb forfeits on time} 1-0

[Event "fics rated crazyhouse match"]
[Site "fics, Oklahoma City, OK USA"]
[Date "2000.12.23"]
[White "Blackcomb"]
[WhiteElo "2176"]
[Black "Thufir"]
[BlackElo "2334"]
[TimeControl "60+0"]
[Result "1-0"]

1. e4 e6 2. Nc3 Nc6 3. d4 Bb4 4. a3 Ba5 5. Nf3 Nf6 6. Bd3 
d5 7. e5 Ne4 8. O-O Bxc3 9. bxc3 Nxc3 10. Bg5 Qd7 11. Qe1 N@e4 
12. Bxe4 Nxe4 13. N@h5 Rg8 14. B@d3 B@g6 15. Bxe4 Bxh5 16. N@f6+ gxf6 17. exf6 
Bxf3 18. Bxf3 Rxg5 19. B@h4 Rg6 20. P@h5 Rg8 21. Rb1 Nxd4 22. Qe3 Nxf3+ 
23. Qxf3 B@e4 24. N@g7+ Kd8 25. Qxe4 c5 26. B@e7+ Kc7 27. Bg3+ P@d6 28. Bexd6+ 
Kc6 29. P@b5+ Kb6 30. Qa4 a5 31. Bc7+ Ka7 32. Qxa5+ P@a6 33. b6# 
{Thufir checkmated} 1-0

[Event "fics rated crazyhouse match"]
[Site "fics, Oklahoma City, OK USA"]
[Date "2000.12.23"]
[White "Thufir"]
[WhiteElo "2323"]
[Black "Blackcomb"]
[BlackElo "2187"]
[TimeControl "60+0"]
[Result "0-1"]

1. e4 e6 2. d4 Nc6 3. Nf3 Nf6 4. e5 Ne4 5. Be2 d5 6. O-O 
Be7 7. Nc3 O-O 8. Nxe4 dxe4 9. Ne1 Nxd4 10. Be3 Nxe2+ 11. Qxe2 N@h4 
12. Qg4 B@f5 13. N@h6+ Kh8 14. Nxf5 exf5 15. Qd1 P@f3 16. B@h6 Rg8 17. Qc1 
fxg2 18. Nxg2 P@f3 19. Nxh4 Bxh4 20. P@f6 N@e2+ 21. Kh1 Qxf6 22. N@f4 Nxf4 
23. Rg1 P@g2+ 24. Rxg2 fxg2+ 25. Kg1 N@e2# 
{Thufir checkmated} 0-1

[Event "fics rated crazyhouse match"]
[Site "fics, Oklahoma City, OK USA"]
[Date "2000.12.23"]
[White "Blackcomb"]
[WhiteElo "2198"]
[Black "Thufir"]
[BlackElo "2312"]
[TimeControl "60+0"]
[Result "1-0"]

1. e4 e6 2. Nc3 Nc6 3. d4 Nf6 4. e5 Nd5 5. Nxd5 exd5 6. Nf3 
d6 7. Bb5 Bd7 8. Qe2 N@e4 9. c4 dxe5 10. cxd5 Nxd4 11. Bxd7+ Qxd7 
12. Nxd4 exd4 13. Qxe4+ P@e6 14. N@e5 Qe7 15. P@d7+ Qxd7 16. Nxd7 B@b5 17. N@f6+ 
gxf6 18. Nxf6+ Kd8 19. B@d3 Bb4+ 20. P@c3 P@e7 21. Bxb5 P@d7 22. cxb4 exf6 
23. dxe6 fxe6 24. N@f7+ Ke7 25. Nxh8 Rxh8 26. P@g7 Rg8 27. B@f8+ Kd8 28. B@e7+ 
Kc8 29. Q@d8# 
{Thufir checkmated} 1-0

[Event "fics rated crazyhouse match"]
[Site "fics, Oklahoma City, OK USA"]
[Date "2000.12.23"]
[White "Thufir"]
[WhiteElo "2301"]
[Black "Blackcomb"]
[BlackElo "2209"]
[TimeControl "60+0"]
[Result "1-0"]

1. e4 e6 2. Nc3 Nc6 3. d4 Nf6 4. e5 Nd5 5. Nxd5 exd5 6. Bb5 
d6 7. Qe2 N@e4 8. exd6 Bxd6 9. P@d3 Bf5 10. dxe4 dxe4 11. N@e3 P@e6 
12. Nxf5 exf5 13. d5 O-O 14. dxc6 bxc6 15. Bxc6 N@d4 16. Qc4 Nxc6 17. Qxc6 
Qe8 18. P@d7 e3 19. Bxe3 Qxe3+ 20. fxe3 Bb4+ 21. P@c3 Bxc3+ 22. Qxc3 B@f6 
23. Qxf6 gxf6 24. N@e7+ Kh8 25. B@g7+ Kxg7 26. N@h5+ Kh6 27. B@g7+ Kxh5 28. N@g3+ 
Kg4 29. Q@h5# 
{Blackcomb checkmated} 1-0

[Event "fics rated crazyhouse match"]
[Site "fics, Oklahoma City, OK USA"]
[Date "2000.12.23"]
[White "Blackcomb"]
[WhiteElo "2203"]
[Black "Thufir"]
[BlackElo "2307"]
[TimeControl "60+0"]
[Result "1-0"]

1. e4 e6 2. Nc3 d5 3. exd5 exd5 4. d4 Nf6 5. Nf3 Bb4 6. Bb5+ 
P@c6 7. Qe2+ Be6 8. Bd3 O-O 9. P@e5 Ng4 10. O-O Nd7 11. a3 Bxc3 
12. bxc3 N@g6 13. B@h5 Kh8 14. Rb1 Rb8 15. Ng5 h6 16. Nxe6 fxe6 17. Bxg4 
N@f5 18. Bgxf5 exf5 19. N@e6 Qe7 20. Nxf8 Rxf8 21. B@h5 N@f4 22. Bxf4 Nxf4 
23. Qf3 Nxh5 24. Qxh5 B@e8 25. N@g6+ Bxg6 26. Qxg6 B@h7 27. Qxh7+ Kxh7 28. B@h5 
g6 29. Bxg6+ Kxg6 30. N@f4+ Kf7 31. B@g6+ Kg8 32. P@h7+ Kg7 33. N@h5+ Kh8 
34. R@g8+ Rxg8 35. hxg8=Q+ Kxg8 36. R@e8+ Qxe8 37. Bxe8 R@g5 38. Q@f7+ Kh8 39. Ng6+ 
Rxg6 40. Qxg6 N@h3+ 41. gxh3 N@f3+ 42. Kh1 P@g2+ 43. Qxg2 B@g7 44. Qxg7# 
{Thufir checkmated} 1-0

[Event "fics rated crazyhouse match"]
[Site "fics, Oklahoma City, OK USA"]
[Date "2000.12.23"]
[White "Blackcomb"]
[WhiteElo "2207"]
[Black "Thufir"]
[BlackElo "2303"]
[TimeControl "60+0"]
[Result "0-1"]

1. e4 e6 2. Nc3 b6 3. d4 Bb7 4. Bd3 Nf6 5. Nf3 Bb4 6. Qe2 
d5 7. e5 Ne4 8. Bd2 Nxd2 9. Nxd2 B@e4 10. Ndxe4 dxe4 11. Bxe4 Bxe4 
12. Qxe4 B@d5 13. Qg4 N@f5 14. O-O Bxc3 15. bxc3 Nc6 16. N@h5 N@h6 17. Nxg7+ 
Kd7 18. Nxf5 Nxg4 19. N@f6+ Qxf6 20. exf6 N@e2+ 21. Kh1 Q@g1+ 22. Rxg1 Nxf2# 
{Blackcomb checkmated} 0-1

[Event "fics rated crazyhouse match"]
[Site "fics, Oklahoma City, OK USA"]
[Date "2000.12.23"]
[White "Thufir"]
[WhiteElo "2309"]
[Black "Blackcomb"]
[BlackElo "2201"]
[TimeControl "60+0"]
[Result "1-0"]

1. e4 e5 2. d3 Nc6 3. Nf3 Nf6 4. Be2 d6 5. O-O Be7 6. Nc3 
O-O 7. Bg5 h6 8. Bh4 Bg4 9. Bg3 Nd4 10. Nxd4 exd4 11. Bxg4 dxc3 
12. bxc3 Nxg4 13. Qxg4 N@f6 14. Qd1 B@h5 15. P@e2 N@e5 16. N@f4 Bg6 17. Nxg6 
fxg6 18. Bxe5 dxe5 19. N@h4 B@h7 20. B@b3+ Kh8 21. N@e6 Qd7 22. Nxf8 Rxf8 
23. B@e6 Qc6 24. Bbd5 Qxc3 25. Bxb7 P@g5 26. Nf3 g4 27. Nh4 g5 28. Nf5 
N@f4 29. P@f7 Nxe2+ 30. Qxe2 N@f4 31. Qe3 P@d4 32. Qc1 
{Blackcomb forfeits on time} 1-0

[Event "fics rated crazyhouse match"]
[Site "fics, Oklahoma City, OK USA"]
[Date "2000.12.23"]
[White "Blackcomb"]
[WhiteElo "2195"]
[Black "Thufir"]
[BlackElo "2315"]
[TimeControl "60+0"]
[Result "1-0"]

1. e4 e6 2. Nc3 d5 3. exd5 exd5 4. d4 Nc6 5. Nf3 Bg4 6. Bb5 
P@e4 7. Qe2 Be7 8. P@a6 exf3 9. gxf3 N@g2+ 10. Kd1 Bh5 11. axb7 Nf6 
12. Bxc6+ Kf8 13. bxa8=Q Qxa8 14. Bxa8 P@e4 15. P@h6 gxh6 16. Bxh6+ P@g7 17. Bxg7+ 
Kxg7 18. N@f5+ Kg6 19. P@g4 Nxg4 20. fxg4 B@g5 21. Q@g7# 
{Thufir checkmated} 1-0

[Event "fics rated crazyhouse match"]
[Site "fics, Oklahoma City, OK USA"]
[Date "2000.12.23"]
[White "Thufir"]
[WhiteElo "2304"]
[Black "Blackcomb"]
[BlackElo "2206"]
[TimeControl "60+0"]
[Result "1-0"]

1. e4 e6 2. d4 Nc6 3. Nf3 Nf6 4. e5 Nd5 5. Be2 Be7 6. O-O 
d6 7. c4 O-O 8. exd6 Bxd6 9. cxd5 exd5 10. P@e5 Be7 11. Nc3 f6 
12. exf6 Bxf6 13. P@e5 Be7 14. N@h5 P@g4 15. Ne1 P@g6 16. Nxg7 Kxg7 17. P@f6+ 
Bxf6 18. exf6+ Rxf6 19. B@e5 Nxe5 20. dxe5 Rf8 21. Bxg4 B@f5 22. P@f6+ Kg8 
23. Nxd5 Bxg4 24. N@h6+ Kh8 25. P@g7# 
{Blackcomb checkmated} 1-0

[Event "fics rated crazyhouse match"]
[Site "fics, Oklahoma City, OK USA"]
[Date "2000.12.23"]
[White "Blackcomb"]
[WhiteElo "2200"]
[Black "Thufir"]
[BlackElo "2310"]
[TimeControl "60+0"]
[Result "0-1"]

1. e4 e6 2. Nc3 Nf6 3. e5 Nd5 4. Nxd5 exd5 5. d4 Be7 6. Nf3 
Nc6 7. N@f5 Rg8 8. Nxe7 Qxe7 9. Bb5 N@e4 10. O-O a6 11. Bxc6 dxc6 
12. N@h5 B@g4 13. Nxg7+ Rxg7 14. P@f6 Bxf3 15. Qxf3 N@h4 16. fxe7 Nxf3+ 17. Kh1 
Q@g1+ 18. Rxg1 Nxf2# 
{Blackcomb checkmated} 0-1

[Event "fics rated crazyhouse match"]
[Site "fics, Oklahoma City, OK USA"]
[Date "2000.12.23"]
[White "Thufir"]
[WhiteElo "2316"]
[Black "Blackcomb"]
[BlackElo "2194"]
[TimeControl "60+0"]
[Result "1-0"]

1. e4 e6 2. d4 Nc6 3. e5 d6 4. exd6 Bxd6 5. Nf3 Nf6 6. Be2 
Qe7 7. P@e5 Nxe5 8. dxe5 P@e4 9. exd6 cxd6 10. Ng5 O-O 11. Nc3 d5 
12. O-O P@c7 13. f3 exf3 14. Bxf3 P@e4 15. Be2 Bd7 16. N@e5 Bc6 17. P@b5 
P@f3 18. bxc6 fxe2 19. Qxe2 B@a6 20. P@d3 bxc6 21. Nxc6 Qd6 22. P@e5 Qxc6 
23. exf6 P@f3 24. N@e7+ Kh8 25. fxg7+ Kxg7 26. B@e5+ f6 27. P@h6+ Kxh6 28. Nf7+ 
Kg7 29. Nxc6 Kxf7 30. Q@e7+ Kg8 31. gxf3 exf3 32. Qxf3 N@g5 33. Qg3 N@f5 
34. Rxf5 exf5 35. N@h6+ Kh8 36. P@g7# 
{Blackcomb checkmated} 1-0

[Event "fics rated crazyhouse match"]
[Site "fics, Oklahoma City, OK USA"]
[Date "2000.12.23"]
[White "Blackcomb"]
[WhiteElo "2189"]
[Black "Thufir"]
[BlackElo "2321"]
[TimeControl "60+0"]
[Result "1-0"]

1. e4 e6 2. Nc3 Nc6 3. d4 Nf6 4. e5 Nd5 5. Nxd5 exd5 6. Nf3 
d6 7. Bb5 Be7 8. Qe2 O-O 9. Bxc6 bxc6 10. N@h5 dxe5 11. Nxg7 Kxg7 
12. dxe5 f6 13. N@h5+ Kh8 14. P@g7+ Kg8 15. gxf8=Q+ Qxf8 16. exf6 Bxf6 17. Nxf6+ 
Qxf6 18. Bg5 B@a5+ 19. B@c3 Bxc3+ 20. bxc3 Qxc3+ 21. B@d2 Qxa1+ 22. R@c1 Qg7 
23. Bh6 Qf7 24. Ne5 Qf5 25. P@f7+ Qxf7 26. Nxf7 Kxf7 27. Q@g7# 
{Thufir checkmated} 1-0

[Event "fics rated crazyhouse match"]
[Site "fics, Oklahoma City, OK USA"]
[Date "2000.12.23"]
[White "Thufir"]
[WhiteElo "2310"]
[Black "Blackcomb"]
[BlackElo "2200"]
[TimeControl "60+0"]
[Result "1-0"]

1. e4 e6 2. Nf3 Nc6 3. d4 Nf6 4. e5 Nd5 5. Be2 Be7 6. O-O 
d6 7. c4 Nb6 8. exd6 Bxd6 9. Be3 Be7 10. Nc3 O-O 11. d5 f5 
12. dxc6 bxc6 13. P@h6 gxh6 14. Bxh6 Rf7 15. N@e5 Qe8 16. P@g6 hxg6 17. Nxg6 
P@g7 18. Nxe7+ Qxe7 19. P@g6 Rf8 20. B@h7+ Kh8 21. Be3 P@f7 22. Bxb6 fxg6 
23. Bxg6 P@h7 24. Bh5 P@g6 25. Be3 gxh5 26. Ng5 f4 27. N@f7+ Rxf7 28. Nxf7+ 
Qxf7 29. Bd4 B@g4 30. Bxg4 hxg4 31. Qxg4 B@f5 32. Qxf4 N@h5 33. Qg5 P@h6 
34. Qd8+ N@e8 35. R@e7 Bd7 36. Qxd7 Qf8 37. Bxg7+ Nhxg7 38. Rxg7 N@h3+ 39. gxh3 
Qxg7+ 40. Qxg7+ Nxg7 41. N@f7+ Kg8 42. Q@h8+ Kxf7 43. N@e5+ Ke7 44. Qxg7+ Kd6 
45. B@e7# 
{Blackcomb checkmated} 1-0

[Event "fics rated crazyhouse match"]
[Site "fics, Oklahoma City, OK USA"]
[Date "2000.12.23"]
[White "Blackcomb"]
[WhiteElo "2194"]
[Black "Thufir"]
[BlackElo "2316"]
[TimeControl "60+0"]
[Result "0-1"]

1. e4 e6 2. Nc3 Nc6 3. d4 Bb4 4. a3 Ba5 5. Nf3 Nf6 6. Bd3 
d5 7. e5 Ne4 8. O-O Bxc3 9. bxc3 Nxc3 10. Bg5 P@e7 11. Qe1 N@e4 
12. Bxe4 Nxe4 13. N@h5 Rg8 14. B@d3 Nxg5 15. Nxg5 B@g6 16. Bxg6 hxg6 17. B@h7 
Rh8 18. Nxg7+ Kf8 19. Bxg6 fxg6 20. N7xe6+ Bxe6 21. Nxe6+ Ke8 22. P@f7+ Kd7 
23. N@c5+ Kc8 24. Nxd8 Rxd8 25. B@e6+ Kb8 26. P@d7 N@b6 27. Q@e8 a6 28. Qxd8+ 
Nxd8 29. R@c8+ Ka7 30. Rxa8+ Kxa8 31. R@c8+ N@b8 32. Rxc7 N6xd7 33. Nxd7 Nxd7 
34. Rxd7 R@b8 35. P@c7 Nxe6 36. cxb8=Q+ Kxb8 37. P@c7+ Nxc7 38. Rxc7 Kxc7 39. Qa5+ 
P@b6 40. N@b5+ axb5 41. Qxb6+ Kxb6 42. P@c5+ Kc7 43. N@e6+ Kb8 44. N@c6+ bxc6 
45. R@d8+ B@c8 46. Rxc8+ Kxc8 47. B@d7+ Kb7 48. h3 P@h2+ 49. Kxh2 N@f3+ 50. Kh1 
R@h2# 
{Blackcomb checkmated} 0-1

[Event "fics rated crazyhouse match"]
[Site "fics, Oklahoma City, OK USA"]
[Date "2000.12.23"]
[White "Thufir"]
[WhiteElo "2321"]
[Black "Blackcomb"]
[BlackElo "2189"]
[TimeControl "60+0"]
[Result "1-0"]

1. e4 e6 2. d4 Nc6 3. Nf3 Nf6 4. e5 Nd5 5. Be2 Be7 6. O-O 
d6 7. c4 Nb6 8. exd6 cxd6 9. Be3 O-O 10. Nc3 f5 11. d5 f4 
12. Bxb6 axb6 13. dxc6 bxc6 14. P@d5 cxd5 15. cxd5 exd5 16. Nxd5 B@e4 17. Nxe7+ 
Qxe7 18. P@d3 Bxf3 19. Bxf3 N@e5 20. B@d5+ P@e6 21. Bxa8 Nxf3+ 22. Bxf3 N@e5 
23. N@c6 Nxc6 24. Bxc6 B@b7 25. B@f3 Bxc6 26. Bxc6 B@b7 27. Bxb7 Bxb7 28. P@e4 
N@h4 29. R@g4 B@g5 30. B@b3 P@h5 31. N@f5 Nxf5 32. exf5 hxg4 33. Qxg4 N@f6 
34. Qxg5 R@g4 35. N@h6+ Kh8 36. Nxg4 P@g6 37. fxg6 hxg6 38. Nxf6 P@h7 39. Nxh7 
Qf6 40. Nxf6 Rxf6 41. R@e8+ N@f8 42. P@h6 Kg8 43. hxg7 Kf7 44. Rxf8# 
{Blackcomb forfeits on time} 1-0

[Event "fics rated crazyhouse match"]
[Site "fics, Oklahoma City, OK USA"]
[Date "2000.12.23"]
[White "Blackcomb"]
[WhiteElo "2184"]
[Black "Thufir"]
[BlackElo "2326"]
[TimeControl "60+0"]
[Result "0-1"]

1. e4 e6 2. Nc3 Nc6 3. d4 d5 4. exd5 exd5 5. Nf3 Be7 6. Bb5 
P@e4 7. Qe2 exf3 8. gxf3 Nf6 9. P@a6 Rb8 10. axb7 Bd7 11. Bxc6 Bxc6 
12. N@e5 N@g2+ 13. Kd1 B@d7 14. Rg1 Nh4 15. Nxc6 Bxc6 16. B@g5 N@f5 17. Bxh4 
Nxh4 18. P@e5 Nh5 19. P@g4 Nxf3 20. Qxf3 P@e4 21. Qe2 B@f3 22. Qxf3 exf3 
23. gxh5 Bb4 24. B@d3 Bxc3 25. bxc3 Rxb7 26. B@b3 P@e4 27. Bf1 N@g2 28. Ba6 
Rxb3 29. axb3 B@b5 30. Bxb5 Bxb5 31. B@d3 exd3 32. cxd3 Q@e2# 
{Blackcomb checkmated} 0-1

[Event "fics rated crazyhouse match"]
[Site "fics, Oklahoma City, OK USA"]
[Date "2000.12.23"]
[White "Thufir"]
[WhiteElo "2331"]
[Black "Blackcomb"]
[BlackElo "2179"]
[TimeControl "60+0"]
[Result "1-0"]

1. e4 e6 2. d4 Nc6 3. Nf3 Nf6 4. e5 Ne4 5. Be3 d5 6. exd6 
Nxd6 7. Bd3 Be7 8. Nc3 P@e4 9. Nxe4 Nxe4 10. Bxe4 f5 11. Bd3 O-O 
12. O-O N@e4 13. Bxe4 fxe4 14. Nd2 B@d5 15. P@c4 Bxc4 16. Nxc4 Bd7 17. Nd2 
P@d5 18. f3 exf3 19. Nxf3 P@e4 20. Nd2 Nb4 21. a3 Na6 22. B@e2 Bc6 
23. P@f4 Nb8 24. N@e5 Nd7 25. P@g6 Nxe5 26. gxh7+ Kxh7 27. dxe5 P@f7 28. P@f6 
gxf6 29. exf6 Bxf6 30. P@g5 Bxg5 31. fxg5 P@g7 32. Bh5 P@g6 33. Bg4 P@f5 
34. Be2 N@e5 35. Nb3 a5 36. Nd4 Ng4 37. Bxg4 fxg4 38. Qxg4 B@f5 39. Qh4+ 
Kg8 40. B@h7+ Kh8 41. Bxg6# 
{Blackcomb resigns} 1-0

[Event "fics rated crazyhouse match"]
[Site "fics, Oklahoma City, OK USA"]
[Date "2000.12.23"]
[White "Blackcomb"]
[WhiteElo "2174"]
[Black "Thufir"]
[BlackElo "2336"]
[TimeControl "60+0"]
[Result "1-0"]

1. e4 e6 2. Nc3 Nf6 3. e5 Nd5 4. Nxd5 exd5 5. d4 Nc6 6. Nf3 
d6 7. Bb5 dxe5 8. Nxe5 Qe7 9. Qe2 P@f6 10. Nxc6 bxc6 11. Bxc6+ Bd7 
12. Bxd7+ Kxd7 13. N@c5+ Ke8 14. P@d7+ Kd8 15. N@b7# 
{Thufir checkmated} 1-0

[Event "fics rated crazyhouse match"]
[Site "fics, Oklahoma City, OK USA"]
[Date "2000.12.23"]
[White "Thufir"]
[WhiteElo "2325"]
[Black "Blackcomb"]
[BlackElo "2185"]
[TimeControl "60+0"]
[Result "1-0"]

1. e4 e6 2. Nf3 Nc6 3. d4 Nf6 4. e5 Ne4 5. Be3 d5 6. exd6 
Nxd6 7. Nc3 Be7 8. Bd3 Nf5 9. Bxf5 exf5 10. d5 Nb4 11. N@h5 Rg8 
12. O-O B@g4 13. Nf4 P@e4 14. P@e6 fxe6 15. dxe6 Bxe6 16. Nxe6 exf3 17. P@f7+ 
Kxf7 18. Nxd8+ Raxd8 19. B@b3+ P@e6 20. Bd4 P@e2 21. Bxe6+ Kxe6 22. Nxe2 fxe2 
23. Qd2 N@h3+ 24. Kh1 B@f3 25. Q@e5+ Kf7 26. P@e6+ Kf8 27. Rg1 Nxg1 28. Rxg1 
P@h3 29. gxf3 Bxf3+ 30. P@g2 hxg2+ 31. Rxg2 Bxg2+ 32. Kxg2 N@h4+ 33. Kh3 R@g2 
34. Qxg7+ R8xg7 35. Bxg7# 
{Blackcomb forfeits on time} 1-0

[Event "fics rated crazyhouse match"]
[Site "fics, Oklahoma City, OK USA"]
[Date "2000.12.23"]
[White "Blackcomb"]
[WhiteElo "2180"]
[Black "Thufir"]
[BlackElo "2330"]
[TimeControl "60+0"]
[Result "0-1"]

1. e4 e6 2. Nc3 Nc6 3. d4 d5 4. a3 Nf6 5. e5 Ne4 6. Nh3 
Be7 7. Be2 O-O 8. O-O f6 9. exf6 Bxf6 10. P@e5 Be7 11. Be3 Qe8 
12. Nxe4 dxe4 13. N@g5 Bxg5 14. Nxg5 P@d5 15. Nxh7 Kxh7 16. Bh5 g6 17. Bxg6+ 
Qxg6 18. B@g4 B@f3 19. P@h5 Qxg4 20. P@g6+ Kg7 21. Qxf3 exf3 22. B@f6+ Rxf6 
23. exf6+ Kf8 24. Bh6+ Ke8 25. f7+ Kd7 26. f8=N+ Kd8 27. R@g3 N@e2+ 28. Kh1 
Nxg3+ 29. hxg3 fxg2+ 30. Kh2 Q@h3# 
{Blackcomb forfeits on time} 0-1

[Event "fics rated crazyhouse match"]
[Site "fics, Oklahoma City, OK USA"]
[Date "2000.12.23"]
[White "Thufir"]
[WhiteElo "2335"]
[Black "Blackcomb"]
[BlackElo "2175"]
[TimeControl "60+0"]
[Result "0-1"]

1. e4 e6 2. d4 Nc6 3. Nf3 Nf6 4. e5 Ne4 5. Be2 d5 6. O-O 
Nd6 7. Nc3 Be7 8. exd6 cxd6 9. Be3 O-O 10. Ne1 f5 11. f3 f4 
12. Bc1 Bf6 13. Bxf4 Nxd4 14. P@e3 Nxe2+ 15. Nxe2 e5 16. Bg3 P@h4 17. Bf2 
P@f4 18. exf4 exf4 19. Qxd5+ B@e6 20. Qd1 P@e3 21. Nxf4 exf2+ 22. Rxf2 Bg5 
23. N@h3 Bxh3 24. Nxh3 B@e3 25. B@b3+ N@f7 26. N@d5 Bxh3 27. gxh3 Bxf2+ 28. Kxf2 
Qe8 29. P@e4 N@c5 30. B@e3 Nxb3 31. axb3 Bxe3+ 32. Nxe3 Ne5 33. B@d5+ B@e6 
34. P@f5 Bxd5 35. Nxd5 B@g3+ 36. hxg3 hxg3+ 37. Kxg3 R@g6+ 38. fxg6 Qxg6+ 39. P@g4 
B@h4+ 40. Kxh4 P@f4 41. N@e7+ Kf7 42. B@h5 P@g5# 
{Thufir checkmated} 0-1

[Event "fics rated crazyhouse match"]
[Site "fics, Oklahoma City, OK USA"]
[Date "2000.12.23"]
[White "Blackcomb"]
[WhiteElo "2186"]
[Black "Thufir"]
[BlackElo "2324"]
[TimeControl "60+0"]
[Result "0-1"]

1. e4 e6 2. Nc3 d6 3. d4 Be7 4. Nf3 Nf6 5. Be2 Nc6 6. O-O 
e5 7. d5 Nb8 8. a3 O-O 9. Bg5 c6 10. dxc6 bxc6 11. Bxf6 Bxf6 
12. N@h5 B@g6 13. Nxf6+ Qxf6 14. B@g5 Qe6 15. P@d5 cxd5 16. exd5 Qf5 17. P@e4 
Qg4 18. h3 Qh5 19. Nh4 Qxg5 20. Nxg6 Qxg6 21. B@h5 Qf6 22. Bef3 P@g6 
23. Bhg4 P@f5 24. exf5 gxf5 25. Ne4 fxe4 26. Bxc8 exf3 27. B@g4 fxg2 28. Kxg2 
N@f4+ 29. Kh2 P@g2 30. P@g3 gxf1=N+ 31. Qxf1 P@g2 32. Qxg2 Nxg2 33. Kxg2 B@e4+ 
34. P@f3 Bxd5 35. N@h5 Qg5 36. P@h4 Qd2 37. Bb7 N@e3# 
{Blackcomb forfeits on time} 0-1

[Event "fics rated crazyhouse match"]
[Site "fics, Oklahoma City, OK USA"]
[Date "2000.12.23"]
[White "Thufir"]
[WhiteElo "2329"]
[Black "Blackcomb"]
[BlackElo "2181"]
[TimeControl "60+0"]
[Result "0-1"]

1. e4 e6 2. d4 d5 3. exd5 exd5 4. Bb5+ c6 5. Qe2+ P@e4 6. Bf4 
cxb5 7. P@c7 B@a5+ 8. Nc3 Bxc7 9. Bxc7 Qxc7 10. Nxd5 Qd6 11. Qxe4+ Be6 
12. P@c7 Na6 13. B@c5 Qxd5 14. Qxd5 Bxd5 15. Bxf8 P@d2+ 16. Kf1 Bxg2+ 17. Kxg2 
N@f4+ 18. Kf3 B@g2+ 19. Kxf4 Q@e4+ 20. Kg3 P@h4# 
{Thufir checkmated} 0-1